Ice Dragons vs Influenza
Created - 4 décembre 2016 at 08:01
Goals
|
| Ice Dragons |
2 |
1 |
2 |
5 |
| Influenza |
1 |
5 |
3 |
9 |
|
Shots
|
| Ice Dragons |
9 |
9 |
19 |
37 |
| Influenza |
14 |
10 |
14 |
38 |
|
1st period
1. Ice Dragons , Nick Palmieri 9 (Troy Brouwer, Bradley Malone) at 1:09
2. Ice Dragons , Jordan LaVallee 7 (Marek Viedensky) at 7:26
3. Influenza , Ben Smith 13 (Evgeny Grachev, Jamie Benn) at 12:08
Penalties :
Ben Smith (VJB) for Holding (Minor) at 9:10, Brayden McNabb (Kin) for Hooking (Minor) at 12:11, Tomas Kudelka (Kin) for Tripping (Minor) at 14:45
2nd period
4. Influenza , Jamie Benn 11 (Evgeny Grachev, Ben Smith) at 0:12
5. Influenza , Evgeny Grachev 10 (Ben Smith) at 0:22
6. Ice Dragons , Ian Cole 5 (Petr Vrana, Brayden McNabb) at 1:21
7. Influenza , T.J Galiardi 7 (Matt Corrente, Robbie Earl) at 5:18
8. Influenza , Jamie Benn 12 (Evgeny Grachev, Ben Smith) at 14:14 (PP)
9. Influenza , Mark Scheifele 6 (Robbie Earl) at 14:26
Penalties :
Matt Corrente (VJB) for Roughing (Minor) at 8:56, Jordan LaVallee (Kin) for Interference (Minor) at 12:34, Tomas Kudelka (Kin) for Hooking (Minor) at 15:22, Samuel Groulx (Kin) for Holding (Minor) at 18:52
3rd period
10. Influenza , Robbie Earl 14 (Martins Karsums, Mark Scheifele) at 2:42
11. Influenza , T.J Galiardi 8 (Jeremy Morin, Matt Corrente) at 4:20
12. Influenza , T.J Galiardi 9 (Matt Corrente, Evgeny Grachev) at 10:50 (PP)
13. Ice Dragons , Michael Latta 7 (Jordan LaVallee) at 14:07
14. Ice Dragons , Ian Cole 6 (Brayden McNabb, Harru Sateri) at 15:45 (PP)
Penalties :
Ben Smith (VJB) for Fighting (Major) at 5:26, Troy Brouwer (Kin) for Fighting (Major) at 5:26, Joey Hishon (Kin) for Interference (Minor) at 6:41, Tomas Kudelka (Kin) for Slashing (Minor) at 9:59, Jeff May (VJB) for Cross-checking (Minor) at 15:36
Goalie Stats
Justin Pogge (Kin), 17 saves from 22 shots - (0,773), 34:14 minutes
Harru Sateri (Kin), 12 saves from 16 shots - (0,750), L, 1-2-0, 25:46 minutes
Thomas McCollum (VJB), 32 saves from 37 shots - (0,865), W, 9-3-1, 60:00 minutes
Players Stats for Ice Dragons
Player Name G A P +/- PIM S H SB GA TA FO MP PP MP PK MP
------------------------------------------------------------------------------------
Alexander Urbom 0 0 0 1 0 0 1 1 0 0 0/0 9:24 0:18 0:00
Bradley Malone 0 1 1 0 0 0 1 0 0 0 1/3 2:36 0:00 0:00
Brandon Kozun 0 0 0 -1 0 0 2 1 0 0 0/0 11:46 0:26 0:00
Brayden McNabb 0 2 2 -3 2 2 2 3 0 1 0/0 26:32 2:36 6:19
Ian Cole 2 0 2 -3 0 4 0 1 0 1 0/0 29:46 2:18 7:44
Joey Hishon 0 0 0 0 2 0 0 0 0 0 0/0 1:49 0:26 0:00
Jordan LaVallee 1 1 2 2 2 4 1 0 1 0 2/3 19:31 1:19 4:04
Kyle Bigos 0 0 0 0 0 0 0 0 0 0 0/0 4:21 0:00 1:12
Marek Viedensky 0 1 1 -1 0 1 1 2 0 2 2/6 16:33 0:26 4:14
Michael Latta 1 0 1 2 0 4 4 0 0 1 5/16 16:24 1:19 0:34
Nick Palmieri 1 0 1 -4 0 7 4 0 1 0 8/11 26:59 2:22 7:01
Petr Vrana 0 1 1 -1 0 3 0 0 0 0 0/0 15:30 0:00 3:48
Ryan Reaves 0 0 0 2 0 0 2 0 0 1 0/0 15:28 1:19 0:00
Samuel Groulx 0 0 0 0 2 3 0 3 0 1 0/0 13:20 0:00 2:19
Slava Voynov 0 0 0 -1 0 2 1 0 0 2 0/0 20:50 1:31 4:42
Tomas Kudelka 0 0 0 -1 6 0 1 2 0 2 0/0 18:20 1:31 2:36
Troy Brouwer 0 1 1 -4 5 6 3 0 2 1 1/2 24:09 2:22 5:36
Tyler Haskins 0 0 0 -3 0 1 1 1 0 0 12/28 14:33 2:22 0:00
Players Stats for Influenza
Player Name G A P +/- PIM S H SB GA TA FO MP PP MP PK MP
------------------------------------------------------------------------------------
Ben Smith 1 3 4 2 7 3 4 0 0 1 1/3 20:39 5:47 0:33
Brian Salcido 0 0 0 -1 0 0 1 1 1 0 0/0 24:01 5:45 1:36
Carl Gunnarsson 0 0 0 4 0 1 0 2 1 0 0/0 27:01 6:41 2:59
Charlie Coyle 0 0 0 2 0 0 0 0 0 1 7/12 11:22 0:00 2:22
Corey Tropp 0 0 0 -1 0 0 0 0 0 0 0/0 7:15 0:00 0:00
Evgeny Grachev 1 4 5 2 0 2 1 2 0 0 18/36 22:42 7:37 0:00
Jamie Benn 2 1 3 2 0 3 2 1 2 0 0/1 23:19 7:47 0:27
Jeff May 0 0 0 -1 2 4 0 2 0 1 0/0 24:23 5:45 2:10
Jeremy Morin 0 1 1 2 0 5 3 0 1 0 0/1 9:13 0:13 0:00
Jordan Schroeder 0 0 0 -1 0 0 0 0 0 0 3/3 7:15 0:00 0:00
Mark Scheifele 1 1 2 0 0 3 1 1 0 1 6/10 18:01 4:39 1:17
Martins Karsums 0 1 1 0 0 1 1 0 0 0 2/2 16:44 4:39 0:00
Matt Corrente 0 3 3 4 2 2 2 1 0 0 0/0 26:02 6:41 1:19
Robbie Earl 1 2 3 0 0 4 3 0 2 0 0/0 19:24 4:39 2:38
Ryan Russell 0 0 0 -1 0 3 1 0 1 0 1/1 8:14 0:00 0:57
T.J Brodie 0 0 0 0 0 0 0 1 0 0 0/0 8:57 0:00 0:00
T.J Galiardi 3 0 3 2 0 6 0 0 3 0 0/0 11:41 1:57 0:00
Tim Erixon 0 0 0 0 0 1 1 0 1 0 0/0 9:36 0:00 0:10
3 Stars
1 - Evgeny Grachev (VJB)
2 - T.J Galiardi (VJB)
3 - Jamie Benn (VJB)
Power Play
Ice Dragons - 1 on 3 Attempt(s) - 33,33%
Influenza - 2 on 7 Attempt(s) - 28,57%
Penalty Kill
Ice Dragons - 5 on 7 Attempt(s) - 71,43%
- Score 0 goal in Penalty Kill
Influenza - 2 on 3 Attempt(s) - 66,67%
- Score 0 goal in Penalty Kill
Team Stat
Ice Dragons - Hits : 24 - Faceoff Wins : 31 - Blocked Shots : 14 - Penalty Minutes : 19
Influenza - Hits : 20 - Faceoff Wins : 38 - Blocked Shots : 11 - Penalty Minutes : 11
Official
Referees : StLaurent Francois and Meier Brad
Linesman : Brian Mach and Greg Devorski
Game Notes
Harru Sateri enters game at 14:14 of 2nd period
Troy Brouwer beats up Ben Smith at 5:26 of 3rd period
T.J Galiardi has scored a Hat Trick!
Finance
Level 1 -- Attendance: 1612 (80,60%) -- Ticket Income 64 480 $
Level 2 -- Attendance: 812 (81,20%) -- Ticket Income 16 240 $
Total Attendance: 2424 (80,80%)
Total Ticket Income: 80 720 $
Other Income: 4 036 $
Total Income: 84 756 $
Ice Dragons
5 vs 5 Forward
Center Left Wing Right Wing Time % Phy DF OF
1 Tyler Haskins Troy Brouwer Nick Palmieri 40 1 2 2
2 Michael Latta Jordan LaVallee Ryan Reaves 30 1 2 2
3 Marek Viedensky Petr Vrana Brandon Kozun 20 1 2 2
4 Bradley Malone Nick Palmieri Troy Brouwer 10 1 2 2
5 vs 5 Defense
Defense Defense Time % Phy DF OF
1 Ian Cole Brayden McNabb 40 1 2 2
2 Slava Voynov Tomas Kudelka 30 1 2 2
3 Alexander Urbom Samuel Groulx 20 1 2 2
4 Kyle Bigos Ian Cole 10 1 2 2
PowerPlay Forward
Center Left Wing Right Wing Time % Phy DF OF
1 Tyler Haskins Troy Brouwer Nick Palmieri 60 1 2 2
2 Michael Latta Jordan LaVallee Ryan Reaves 40 1 2 2
PowerPlay Defense
Defense Defense Time % Phy DF OF
1 Ian Cole Brayden McNabb 60 1 2 2
2 Slava Voynov Tomas Kudelka 40 1 2 2
Penalty Kill 4 Players Forward
Center Wing Time % Phy DF OF
1 Nick Palmieri Troy Brouwer 60 1 2 2
2 Jordan LaVallee Petr Vrana 40 1 2 2
Penalty Kill 4 Players Defense
Defense Defense Time % Phy DF OF
1 Ian Cole Brayden McNabb 60 1 2 2
2 Slava Voynov Tomas Kudelka 40 1 2 2
Penalty Kill - 3 Players Forward
Forward Time % Phy DF OF
1 Nick Palmieri 60 1 2 2
2 Troy Brouwer 40 1 2 2
Penalty Kill - 3 Players Defense
Defense Defense Time % Phy DF OF
1 Ian Cole Brayden McNabb 60 1 2 2
2 Slava Voynov Tomas Kudelka 40 1 2 2
4 vs 4 Forward
Center Wing Time % Phy DF OF
1 Nick Palmieri Troy Brouwer 60 1 2 2
2 Jordan LaVallee Petr Vrana 40 1 2 2
4 vs 4 Defense
Defense Defense Time % Phy DF OF
1 Ian Cole Brayden McNabb 60 1 2 2
2 Slava Voynov Tomas Kudelka 40 1 2 2
Last Minutes Offensive
Center Left Wing Right Wing Defense Defense
Tyler Haskins Troy Brouwer Nick Palmieri Ian Cole Brayden McNabb
Last Minutes Defensive
Center Left Wing Right Wing Defense Defense
Tyler Haskins Troy Brouwer Nick Palmieri Ian Cole Brayden McNabb
Goaltenders
Starting : Justin Pogge
Backup : Harru Sateri
Extra Forwards
Normal : Joey Hishon, Brandon Kozun, Marek Viedensky - PP : Joey Hishon, Brandon Kozun - PK : Marek Viedensky
Extra Defensemen
Normal : Alexander Urbom, Samuel Groulx, Kyle Bigos - PP : Alexander Urbom - PK : Samuel Groulx, Kyle Bigos
Penalty Shots
Nick Palmieri, Troy Brouwer, Jordan LaVallee, Petr Vrana, Tyler Haskins
Influenza
5 vs 5 Forward
Center Left Wing Right Wing Time % Phy DF OF
1 Evgeny Grachev Jamie Benn Ben Smith 40 1 2 2
2 Mark Scheifele Robbie Earl Martins Karsums 30 1 2 2
3 Charlie Coyle T.J Galiardi Jeremy Morin 20 1 2 2
4 Jordan Schroeder Ryan Russell Corey Tropp 10 1 2 2
5 vs 5 Defense
Defense Defense Time % Phy DF OF
1 Matt Corrente Carl Gunnarsson 40 1 2 2
2 Brian Salcido Jeff May 30 1 2 2
3 T.J Brodie Tim Erixon 20 1 2 2
4 Matt Corrente Carl Gunnarsson 10 1 2 2
PowerPlay Forward
Center Left Wing Right Wing Time % Phy DF OF
1 Evgeny Grachev Jamie Benn Ben Smith 60 1 2 2
2 Mark Scheifele Robbie Earl Martins Karsums 40 1 2 2
PowerPlay Defense
Defense Defense Time % Phy DF OF
1 Matt Corrente Carl Gunnarsson 60 1 2 2
2 Brian Salcido Jeff May 40 1 2 2
Penalty Kill 4 Players Forward
Center Wing Time % Phy DF OF
1 Charlie Coyle Robbie Earl 60 1 2 2
2 Mark Scheifele Ben Smith 40 1 2 2
Penalty Kill 4 Players Defense
Defense Defense Time % Phy DF OF
1 Matt Corrente Carl Gunnarsson 60 1 2 2
2 Brian Salcido Jeff May 40 1 2 2
Penalty Kill - 3 Players Forward
Forward Time % Phy DF OF
1 Jeremy Morin 60 1 2 2
2 Charlie Coyle 40 1 2 2
Penalty Kill - 3 Players Defense
Defense Defense Time % Phy DF OF
1 Matt Corrente Carl Gunnarsson 60 1 2 2
2 Brian Salcido Jeff May 40 1 2 2
4 vs 4 Forward
Center Wing Time % Phy DF OF
1 Evgeny Grachev Ben Smith 60 1 2 2
2 Mark Scheifele Martins Karsums 40 1 2 2
4 vs 4 Defense
Defense Defense Time % Phy DF OF
1 Matt Corrente Carl Gunnarsson 60 1 2 2
2 Brian Salcido Jeff May 40 1 2 2
Last Minutes Offensive
Center Left Wing Right Wing Defense Defense
Evgeny Grachev Jamie Benn Ben Smith Matt Corrente Carl Gunnarsson
Last Minutes Defensive
Center Left Wing Right Wing Defense Defense
Charlie Coyle Robbie Earl Ben Smith Matt Corrente Carl Gunnarsson
Goaltenders
Starting : Thomas McCollum
Backup : Olivier Roy
Extra Forwards
Normal : T.J Galiardi, Jeremy Morin, Ryan Russell - PP : T.J Galiardi, Jeremy Morin - PK : Ryan Russell
Extra Defensemen
Normal : Carl Gunnarsson, Brian Salcido, Tim Erixon - PP : Brian Salcido - PK : Jeff May, Carl Gunnarsson
Penalty Shots
Jamie Benn, Jeremy Morin, Mark Scheifele, Ben Smith, Evgeny Grachev
% Time on Ice - Ice Dragons
Lines # - Real PCT - Wanted PCT - Time Play
Normal Forward
1 - 35% - 40% - 15:22
2 - 33% - 30% - 14:09
3 - 26% - 20% - 11:20
4 - 6% - 10% - 2:36
Normal Defense
1 - 41% - 40% - 17:38
2 - 34% - 30% - 14:37
3 - 19% - 20% - 8:26
4 - 6% - 10% - 2:46
PP Forward
1 - 68% - 60% - 2:48
2 - 32% - 40% - 1:19
PP Defense
1 - 63% - 60% - 2:36
2 - 37% - 40% - 1:31
PK Forward
1 - 77% - 60% - 9:33
2 - 23% - 40% - 2:53
PK Defense
1 - 62% - 60% - 7:44
2 - 38% - 40% - 4:42
PK3 Forward
1 - 0% - 60%
2 - 0% - 40%
PK3 Defense
1 - 0% - 60%
2 - 0% - 40%
44 Forward
1 - 0% - 60%
2 - 0% - 40%
44 Defense
1 - 0% - 60%
2 - 0% - 40%
Last Minute Offensive - 0:00
Last Minute Defensive - 0:00
Total
Forward - 60:00
Defense - 60:00
|
% Time on Ice - Influenza
Lines # - Real PCT - Wanted PCT - Time Play
Normal Forward
1 - 35% - 40% - 15:07
2 - 28% - 30% - 12:05
3 - 21% - 20% - 9:00
4 - 17% - 10% - 7:15
Normal Defense
1 - 41% - 40% - 17:45
2 - 37% - 30% - 16:00
3 - 21% - 20% - 8:57
4 - 2% - 10% - 0:45
PP Forward
1 - 63% - 60% - 7:47
2 - 37% - 40% - 4:39
PP Defense
1 - 54% - 60% - 6:41
2 - 46% - 40% - 5:45
PK Forward
1 - 69% - 60% - 2:50
2 - 31% - 40% - 1:17
PK Defense
1 - 77% - 60% - 3:09
2 - 23% - 40% - 0:58
PK3 Forward
1 - 0% - 60%
2 - 0% - 40%
PK3 Defense
1 - 0% - 60%
2 - 0% - 40%
44 Forward
1 - 0% - 60%
2 - 0% - 40%
44 Defense
1 - 0% - 60%
2 - 0% - 40%
Last Minute Offensive - 0:00
Last Minute Defensive - 0:00
Total
Forward - 60:00
Defense - 60:00
|
Play by Play
1st period
0:01 of 1st period - Tyler Haskins wins face-off versus Evgeny Grachev in neutral zone.
0:26 of 1st period - Matt Corrente is hit by Brayden McNabb and loses puck.
0:53 of 1st period - Snap shot by Robbie Earl.
0:53 of 1st period - Deflect By Mark Scheifele.
0:53 of 1st period - Shot Misses the Net.
0:53 of 1st period - Puck is out of play.
0:54 of 1st period - Bradley Malone wins face-off versus Mark Scheifele in Ice Dragons zone.
1:07 of 1st period - Snap shot by Nick Palmieri.
1:07 of 1st period - Stopped by Thomas McCollum with a rebound.
1:09 of 1st period - Wrist shot by Nick Palmieri.
1:09 of 1st period - Goal by Nick Palmieri - Ice Dragons : 1 - Influenza : 0.
1:10 of 1st period - Charlie Coyle wins face-off versus Tyler Haskins in neutral zone.
1:13 of 1st period - Nick Palmieri is hit by Jeremy Morin and loses puck.
1:26 of 1st period - Snap shot by Jeremy Morin.
1:26 of 1st period - Deflect By T.J Galiardi.
1:26 of 1st period - Shot Misses the Net.
1:26 of 1st period - Puck is out of play.
1:27 of 1st period - Jordan Schroeder wins face-off versus Michael Latta in Ice Dragons zone.
1:38 of 1st period - Jeff May is hit by Brayden McNabb and loses puck.
1:53 of 1st period - Brian Salcido is hit by Nick Palmieri and loses puck.
2:02 of 1st period - Snap shot by Troy Brouwer.
2:02 of 1st period - Shot Misses the Net.
2:45 of 1st period - Snap shot by Jordan LaVallee.
2:45 of 1st period - Stopped by Thomas McCollum with a rebound.
3:25 of 1st period - Robbie Earl is hit by Bradley Malone and loses puck.
3:48 of 1st period - Snap shot by Petr Vrana.
3:48 of 1st period - Shot Misses the Net.
4:16 of 1st period - Troy Brouwer is hit by Ryan Russell and loses puck.
5:03 of 1st period - Wrist shot by Mark Scheifele.
5:03 of 1st period - Shot Blocked by Brandon Kozun.
5:05 of 1st period - Slapshot by Jeff May.
5:05 of 1st period - Stopped by Justin Pogge without a rebound.
5:06 of 1st period - Evgeny Grachev wins face-off versus Marek Viedensky in Ice Dragons zone.
5:09 of 1st period - Snap shot by Evgeny Grachev.
5:09 of 1st period - Shot Misses the Net.
5:11 of 1st period - Wrist shot by Jeff May.
5:11 of 1st period - Shot Blocked by Samuel Groulx.
5:13 of 1st period - Slapshot by Brian Salcido.
5:13 of 1st period - Shot Misses the Net.
5:15 of 1st period - Snap shot by Ben Smith.
5:15 of 1st period - Stopped by Justin Pogge with a rebound.
5:17 of 1st period - Slapshot by Brian Salcido.
5:17 of 1st period - Shot Blocked by Alexander Urbom.
6:06 of 1st period - Wrist shot by Nick Palmieri.
6:06 of 1st period - Shot Misses the Net.
7:01 of 1st period - Snap shot by Robbie Earl.
7:01 of 1st period - Stopped by Justin Pogge without a rebound.
7:02 of 1st period - Mark Scheifele wins face-off versus Tyler Haskins in Ice Dragons zone.
7:05 of 1st period - Slapshot by Robbie Earl.
7:05 of 1st period - Shot Blocked by Samuel Groulx.
7:11 of 1st period - Matt Corrente is hit by Tyler Haskins and loses puck.
7:26 of 1st period - Snap shot by Jordan LaVallee.
7:26 of 1st period - Goal by Jordan LaVallee - Ice Dragons : 2 - Influenza : 0.
7:27 of 1st period - Evgeny Grachev wins face-off versus Tyler Haskins in neutral zone.
7:38 of 1st period - Off-side.
7:39 of 1st period - Tyler Haskins wins face-off versus Evgeny Grachev in neutral zone.
7:46 of 1st period - Slapshot by Nick Palmieri.
7:46 of 1st period - Shot Misses the Net.
7:48 of 1st period - Snap shot by Nick Palmieri.
7:48 of 1st period - Shot Misses the Net.
7:50 of 1st period - Wrist shot by Nick Palmieri.
7:50 of 1st period - Shot Hit the Post.
7:52 of 1st period - Snap shot by Nick Palmieri.
7:52 of 1st period - Stopped by Thomas McCollum with a rebound.
7:54 of 1st period - Wrist shot by Troy Brouwer.
7:54 of 1st period - Stopped by Thomas McCollum with a rebound.
8:04 of 1st period - Jordan LaVallee is hit by Jeremy Morin and loses puck.
8:09 of 1st period - Wrist shot by Jeremy Morin.
8:09 of 1st period - Stopped by Justin Pogge with a rebound.
8:11 of 1st period - Wrist shot by T.J Galiardi.
8:11 of 1st period - Shot Misses the Net.
9:03 of 1st period - Snap shot by Michael Latta.
9:03 of 1st period - Shot Misses the Net.
9:05 of 1st period - Slapshot by Ian Cole.
9:05 of 1st period - Shot Blocked by Evgeny Grachev.
9:10 of 1st period - Minor Penalty to Ben Smith for Holding.
9:11 of 1st period - Troy Brouwer wins face-off versus Charlie Coyle in Influenza zone.
9:15 of 1st period - Wrist shot by Troy Brouwer.
9:15 of 1st period - Stopped by Thomas McCollum without a rebound.
9:16 of 1st period - Charlie Coyle wins face-off versus Tyler Haskins in Influenza zone.
9:27 of 1st period - Wrist shot by Nick Palmieri.
9:27 of 1st period - Shot Misses the Net.
11:10 of 1st period - Penalty to Ben Smith is over, Ben Smith is back on ice.
11:19 of 1st period - Slapshot by Brian Salcido.
11:19 of 1st period - Deflect By Jamie Benn.
11:19 of 1st period - Shot Misses the Net.
11:19 of 1st period - Puck is out of play.
11:20 of 1st period - Marek Viedensky wins face-off versus Evgeny Grachev in Ice Dragons zone.
11:40 of 1st period - Icing by Jordan LaVallee.
11:41 of 1st period - Jordan Schroeder wins face-off versus Bradley Malone in Ice Dragons zone.
11:54 of 1st period - Snap shot by Ryan Russell.
11:54 of 1st period - Shot Blocked by Samuel Groulx.
11:56 of 1st period - Snap shot by Carl Gunnarsson.
11:56 of 1st period - Stopped by Justin Pogge without a rebound.
11:57 of 1st period - Evgeny Grachev wins face-off versus Marek Viedensky in Ice Dragons zone.
12:04 of 1st period - Snap shot by Jamie Benn.
12:04 of 1st period - Shot Misses the Net.
12:08 of 1st period - Slapshot by Ben Smith.
12:08 of 1st period - Goal by Ben Smith - Ice Dragons : 2 - Influenza : 1.
12:09 of 1st period - Tyler Haskins wins face-off versus Mark Scheifele in neutral zone.
12:11 of 1st period - Minor Penalty to Brayden McNabb for Hooking.
12:12 of 1st period - Nick Palmieri wins face-off versus Evgeny Grachev in Ice Dragons zone.
12:37 of 1st period - Nick Palmieri is hit by Matt Corrente and loses puck.
14:11 of 1st period - Penalty to Brayden McNabb is over, Brayden McNabb is back on ice.
14:11 of 1st period - Petr Vrana is hit by Martins Karsums and loses puck.
14:22 of 1st period - Snap shot by Ryan Russell.
14:22 of 1st period - Stopped by Justin Pogge with a rebound.
14:24 of 1st period - Snap shot by Matt Corrente.
14:24 of 1st period - Stopped by Justin Pogge with a rebound.
14:26 of 1st period - Slapshot by Ryan Russell.
14:26 of 1st period - Stopped by Justin Pogge with a rebound.
14:30 of 1st period - Wrist shot by Ryan Russell.
14:30 of 1st period - Stopped by Justin Pogge with a rebound.
14:32 of 1st period - Slapshot by Matt Corrente.
14:32 of 1st period - Deflect By Corey Tropp.
14:32 of 1st period - Shot Blocked by Brayden McNabb.
14:32 of 1st period - Puck is out of play.
14:33 of 1st period - Tyler Haskins wins face-off versus Charlie Coyle in Ice Dragons zone.
14:45 of 1st period - Minor Penalty to Tomas Kudelka for Tripping.
14:46 of 1st period - Nick Palmieri wins face-off versus Evgeny Grachev in Ice Dragons zone.
14:58 of 1st period - Slapshot by Nick Palmieri.
14:58 of 1st period - Shot Blocked by Evgeny Grachev.
16:45 of 1st period - Penalty to Tomas Kudelka is over, Tomas Kudelka is back on ice.
17:06 of 1st period - Wrist shot by T.J Galiardi.
17:06 of 1st period - Stopped by Justin Pogge without a rebound.
17:07 of 1st period - Charlie Coyle wins face-off versus Michael Latta in Ice Dragons zone.
17:08 of 1st period - Slapshot by T.J Galiardi.
17:08 of 1st period - Stopped by Justin Pogge with a rebound.
17:10 of 1st period - Slapshot by Tim Erixon.
17:10 of 1st period - Stopped by Justin Pogge without a rebound.
17:11 of 1st period - Michael Latta wins face-off versus Charlie Coyle in Ice Dragons zone.
17:34 of 1st period - Snap shot by Nick Palmieri.
17:34 of 1st period - Shot Misses the Net.
17:36 of 1st period - Snap shot by Brayden McNabb.
17:36 of 1st period - Stopped by Thomas McCollum with a rebound.
17:38 of 1st period - Wrist shot by Nick Palmieri.
17:38 of 1st period - Stopped by Thomas McCollum without a rebound.
17:39 of 1st period - Evgeny Grachev wins face-off versus Tyler Haskins in Influenza zone.
19:05 of 1st period - Tomas Kudelka is hit by Evgeny Grachev and loses puck.
19:21 of 1st period - Off-side.
19:22 of 1st period - Mark Scheifele wins face-off versus Bradley Malone in neutral zone.
19:35 of 1st period - Slapshot by Mark Scheifele.
19:35 of 1st period - Stopped by Justin Pogge without a rebound.
19:36 of 1st period - Evgeny Grachev wins face-off versus Michael Latta in Ice Dragons zone.
Goals for this period are 2 for Ice Dragons vs 1 for Influenza.
Shots for this period are 9 for Ice Dragons vs 14 for Influenza.
2nd period
0:01 of 2nd period - Tyler Haskins wins face-off versus Evgeny Grachev in neutral zone.
0:08 of 2nd period - Snap shot by Ben Smith.
0:08 of 2nd period - Shot Blocked by Ian Cole.
0:10 of 2nd period - Wrist shot by Evgeny Grachev.
0:10 of 2nd period - Shot Misses the Net.
0:12 of 2nd period - Snap shot by Jamie Benn.
0:12 of 2nd period - Goal by Jamie Benn - Ice Dragons : 2 - Influenza : 2.
0:13 of 2nd period - Tyler Haskins wins face-off versus Evgeny Grachev in neutral zone.
0:16 of 2nd period - Snap shot by Ian Cole.
0:16 of 2nd period - Stopped by Thomas McCollum with a rebound.
0:22 of 2nd period - Wrist shot by Evgeny Grachev.
0:22 of 2nd period - Goal by Evgeny Grachev - Ice Dragons : 2 - Influenza : 3.
0:23 of 2nd period - Tyler Haskins wins face-off versus Evgeny Grachev in neutral zone.
0:48 of 2nd period - Mark Scheifele is hit by Slava Voynov.
1:21 of 2nd period - Slapshot by Ian Cole.
1:21 of 2nd period - Goal by Ian Cole - Ice Dragons : 3 - Influenza : 3.
1:22 of 2nd period - Tyler Haskins wins face-off versus Ben Smith in neutral zone.
1:31 of 2nd period - Ben Smith is hit by Troy Brouwer and loses puck.
2:33 of 2nd period - Ian Cole is hit by Ben Smith and loses puck.
2:52 of 2nd period - Slava Voynov is hit by Robbie Earl and loses puck.
3:01 of 2nd period - T.J Brodie is hit by Ryan Reaves and loses puck.
3:34 of 2nd period - Wrist shot by Ryan Russell.
3:34 of 2nd period - Deflect By Corey Tropp.
3:34 of 2nd period - Shot Misses the Net.
3:34 of 2nd period - Puck is out of play.
3:35 of 2nd period - Jordan LaVallee wins face-off versus Evgeny Grachev in Ice Dragons zone.
3:58 of 2nd period - Carl Gunnarsson is hit by Marek Viedensky and loses puck.
4:03 of 2nd period - Slapshot by Petr Vrana.
4:03 of 2nd period - Stopped by Thomas McCollum with a rebound.
4:05 of 2nd period - Wrist shot by Brandon Kozun.
4:05 of 2nd period - Shot Blocked by Carl Gunnarsson.
4:07 of 2nd period - Slapshot by Alexander Urbom.
4:07 of 2nd period - Shot Misses the Net.
4:09 of 2nd period - Snap shot by Samuel Groulx.
4:09 of 2nd period - Shot Misses the Net.
4:41 of 2nd period - Evgeny Grachev is hit by Ryan Reaves and loses puck.
5:00 of 2nd period - Snap shot by Slava Voynov.
5:00 of 2nd period - Stopped by Thomas McCollum with a rebound.
5:02 of 2nd period - Wrist shot by Marek Viedensky.
5:02 of 2nd period - Shot Misses the Net.
5:16 of 2nd period - Snap shot by T.J Galiardi.
5:16 of 2nd period - Shot Misses the Net.
5:18 of 2nd period - Slapshot by T.J Galiardi.
5:18 of 2nd period - Goal by T.J Galiardi - Ice Dragons : 3 - Influenza : 4.
5:19 of 2nd period - Tyler Haskins wins face-off versus Mark Scheifele in neutral zone.
5:45 of 2nd period - Michael Latta is hit by Jeremy Morin and loses puck.
6:14 of 2nd period - Brandon Kozun is hit by Tim Erixon and loses puck.
6:31 of 2nd period - Nick Palmieri is hit by Mark Scheifele and loses puck.
6:49 of 2nd period - Off-side.
6:50 of 2nd period - Jordan LaVallee wins face-off versus Jeremy Morin in neutral zone.
7:33 of 2nd period - Slapshot by Jeremy Morin.
7:33 of 2nd period - Deflect By T.J Galiardi.
7:33 of 2nd period - Shot Misses the Net.
7:33 of 2nd period - Puck is out of play.
7:34 of 2nd period - Tyler Haskins wins face-off versus Evgeny Grachev in Ice Dragons zone.
8:01 of 2nd period - Martins Karsums is hit by Brandon Kozun and loses puck.
8:44 of 2nd period - Michael Latta is hit by Ben Smith and loses puck.
8:56 of 2nd period - Minor Penalty to Matt Corrente for Roughing.
8:57 of 2nd period - Charlie Coyle wins face-off versus Tyler Haskins in Influenza zone.
9:07 of 2nd period - Slapshot by Nick Palmieri.
9:07 of 2nd period - Shot Blocked by Carl Gunnarsson.
9:09 of 2nd period - Slapshot by Brayden McNabb.
9:09 of 2nd period - Stopped by Thomas McCollum without a rebound.
9:10 of 2nd period - Charlie Coyle wins face-off versus Tyler Haskins in Influenza zone.
9:47 of 2nd period - Mark Scheifele is hit by Michael Latta and loses puck.
9:58 of 2nd period - Snap shot by Troy Brouwer.
9:58 of 2nd period - Stopped by Thomas McCollum without a rebound.
9:59 of 2nd period - Charlie Coyle wins face-off versus Tyler Haskins in Influenza zone.
10:04 of 2nd period - Snap shot by Tyler Haskins.
10:04 of 2nd period - Shot Misses the Net.
10:06 of 2nd period - Snap shot by Tyler Haskins.
10:06 of 2nd period - Stopped by Thomas McCollum with a rebound.
10:08 of 2nd period - Snap shot by Slava Voynov.
10:08 of 2nd period - Shot Misses the Net.
10:10 of 2nd period - Slapshot by Slava Voynov.
10:10 of 2nd period - Stopped by Thomas McCollum with a rebound.
10:56 of 2nd period - Penalty to Matt Corrente is over, Matt Corrente is back on ice.
11:13 of 2nd period - Slapshot by Marek Viedensky.
11:13 of 2nd period - Shot Blocked by Jamie Benn.
11:23 of 2nd period - Jordan Schroeder is hit by Alexander Urbom and loses puck.
11:45 of 2nd period - Icing by T.J Galiardi.
11:46 of 2nd period - Charlie Coyle wins face-off versus Michael Latta in Influenza zone.
11:59 of 2nd period - Ryan Reaves is hit by Ben Smith.
12:13 of 2nd period - Wrist shot by Martins Karsums.
12:13 of 2nd period - Deflect By Robbie Earl.
12:13 of 2nd period - Stopped by Justin Pogge without a rebound.
12:14 of 2nd period - Mark Scheifele wins face-off versus Tyler Haskins in Ice Dragons zone.
12:21 of 2nd period - Snap shot by Mark Scheifele.
12:21 of 2nd period - Stopped by Justin Pogge with a rebound.
12:23 of 2nd period - Slapshot by Tim Erixon.
12:23 of 2nd period - Shot Misses the Net.
12:29 of 2nd period - Snap shot by Robbie Earl.
12:29 of 2nd period - Stopped by Justin Pogge without a rebound.
12:30 of 2nd period - Evgeny Grachev wins face-off versus Michael Latta in Ice Dragons zone.
12:34 of 2nd period - Minor Penalty to Jordan LaVallee for Interference.
12:35 of 2nd period - Evgeny Grachev wins face-off versus Nick Palmieri in Ice Dragons zone.
12:35 of 2nd period - Wrist shot by Jamie Benn.
12:35 of 2nd period - Stopped by Justin Pogge without a rebound.
12:36 of 2nd period - Nick Palmieri wins face-off versus Evgeny Grachev in Ice Dragons zone.
12:36 of 2nd period - Nick Palmieri is hit by Jamie Benn.
13:10 of 2nd period - Off-side.
13:11 of 2nd period - Evgeny Grachev wins face-off versus Nick Palmieri in neutral zone.
14:12 of 2nd period - Snap shot by Ben Smith.
14:12 of 2nd period - Shot Blocked by Marek Viedensky.
14:14 of 2nd period - Snap shot by Evgeny Grachev.
14:14 of 2nd period - Deflect By Jamie Benn.
14:14 of 2nd period - Goal by Jamie Benn - Ice Dragons : 3 - Influenza : 5.
14:14 of 2nd period - Harru Sateri enters game.
14:15 of 2nd period - Mark Scheifele wins face-off versus Tyler Haskins in neutral zone.
14:26 of 2nd period - Wrist shot by Mark Scheifele.
14:26 of 2nd period - Goal by Mark Scheifele - Ice Dragons : 3 - Influenza : 6.
14:27 of 2nd period - Ben Smith wins face-off versus Tyler Haskins in neutral zone.
14:59 of 2nd period - Wrist shot by Michael Latta.
14:59 of 2nd period - Stopped by Thomas McCollum without a rebound.
15:00 of 2nd period - Martins Karsums wins face-off versus Michael Latta in Influenza zone.
15:00 of 2nd period - Martins Karsums is hit by Jordan LaVallee.
15:22 of 2nd period - Minor Penalty to Tomas Kudelka for Hooking.
15:23 of 2nd period - Nick Palmieri wins face-off versus Evgeny Grachev in Ice Dragons zone.
15:32 of 2nd period - Nick Palmieri is hit by Ben Smith.
15:48 of 2nd period - Ian Cole is hit by Robbie Earl and loses puck.
16:13 of 2nd period - Ben Smith is hit by Troy Brouwer and loses puck.
16:37 of 2nd period - Icing by Matt Corrente.
16:38 of 2nd period - Mark Scheifele wins face-off versus Marek Viedensky in Influenza zone.
17:22 of 2nd period - Penalty to Tomas Kudelka is over, Tomas Kudelka is back on ice.
18:52 of 2nd period - Minor Penalty to Samuel Groulx for Holding.
18:53 of 2nd period - Nick Palmieri wins face-off versus Evgeny Grachev in Ice Dragons zone.
19:29 of 2nd period - Snap shot by Mark Scheifele.
19:29 of 2nd period - Deflect By Martins Karsums.
19:29 of 2nd period - Stopped by Harru Sateri with a rebound.
Goals for this period are 1 for Ice Dragons vs 5 for Influenza.
Shots for this period are 9 for Ice Dragons vs 10 for Influenza.
3rd period
0:01 of 3rd period - Nick Palmieri wins face-off versus Jamie Benn in neutral zone.
0:09 of 3rd period - Ben Smith is hit by Troy Brouwer and loses puck.
0:30 of 3rd period - Off-side.
0:31 of 3rd period - Evgeny Grachev wins face-off versus Jordan LaVallee in neutral zone.
0:34 of 3rd period - Slapshot by Jeff May.
0:34 of 3rd period - Deflect By Petr Vrana.
0:34 of 3rd period - Stopped by Harru Sateri with a rebound.
0:52 of 3rd period - Penalty to Samuel Groulx is over, Samuel Groulx is back on ice.
1:00 of 3rd period - Snap shot by Mark Scheifele.
1:00 of 3rd period - Shot Blocked by Tomas Kudelka.
1:16 of 3rd period - Snap shot by Nick Palmieri.
1:16 of 3rd period - Stopped by Thomas McCollum with a rebound.
1:18 of 3rd period - Slapshot by Slava Voynov.
1:18 of 3rd period - Shot Blocked by Jeff May.
1:20 of 3rd period - Snap shot by Troy Brouwer.
1:20 of 3rd period - Shot Misses the Net.
1:22 of 3rd period - Slapshot by Troy Brouwer.
1:22 of 3rd period - Stopped by Thomas McCollum with a rebound.
1:26 of 3rd period - Snap shot by Troy Brouwer.
1:26 of 3rd period - Shot Misses the Net.
1:30 of 3rd period - Slapshot by Troy Brouwer.
1:30 of 3rd period - Stopped by Thomas McCollum with a rebound.
1:32 of 3rd period - Slapshot by Tomas Kudelka.
1:32 of 3rd period - Shot Misses the Net.
1:34 of 3rd period - Wrist shot by Nick Palmieri.
1:34 of 3rd period - Shot Misses the Net.
1:44 of 3rd period - Slapshot by Nick Palmieri.
1:44 of 3rd period - Stopped by Thomas McCollum with a rebound.
1:50 of 3rd period - Slapshot by Nick Palmieri.
1:50 of 3rd period - Shot Blocked by Jeff May.
1:52 of 3rd period - Slapshot by Nick Palmieri.
1:52 of 3rd period - Shot Misses the Net.
1:54 of 3rd period - Snap shot by Nick Palmieri.
1:54 of 3rd period - Shot Blocked by Brian Salcido.
1:56 of 3rd period - Snap shot by Samuel Groulx.
1:56 of 3rd period - Stopped by Thomas McCollum with a rebound.
1:58 of 3rd period - Slapshot by Tomas Kudelka.
1:58 of 3rd period - Shot Blocked by Mark Scheifele.
2:16 of 3rd period - Wrist shot by Troy Brouwer.
2:16 of 3rd period - Shot Misses the Net.
2:18 of 3rd period - Snap shot by Samuel Groulx.
2:18 of 3rd period - Stopped by Thomas McCollum with a rebound.
2:42 of 3rd period - Slapshot by Robbie Earl.
2:42 of 3rd period - Goal by Robbie Earl - Ice Dragons : 3 - Influenza : 7.
2:43 of 3rd period - Evgeny Grachev wins face-off versus Michael Latta in neutral zone.
3:27 of 3rd period - Corey Tropp is hit by Michael Latta and loses puck.
4:20 of 3rd period - Wrist shot by T.J Galiardi.
4:20 of 3rd period - Goal by T.J Galiardi - Ice Dragons : 3 - Influenza : 8.
4:21 of 3rd period - Michael Latta wins face-off versus Evgeny Grachev in neutral zone.
4:23 of 3rd period - Off-side.
4:24 of 3rd period - Evgeny Grachev wins face-off versus Michael Latta in neutral zone.
4:58 of 3rd period - Brayden McNabb is hit by Robbie Earl and loses puck.
5:13 of 3rd period - Snap shot by Jeremy Morin.
5:13 of 3rd period - Stopped by Harru Sateri with a rebound.
5:15 of 3rd period - Slapshot by Jeremy Morin.
5:15 of 3rd period - Stopped by Harru Sateri without a rebound.
5:16 of 3rd period - Evgeny Grachev wins face-off versus Tyler Haskins in Ice Dragons zone.
5:26 of 3rd period - Troy Brouwer beats up Ben Smith.
5:26 of 3rd period - Penalty to Ben Smith for Fighting.
5:26 of 3rd period - Penalty to Troy Brouwer for Fighting.
5:27 of 3rd period - Tyler Haskins wins face-off versus Evgeny Grachev in Ice Dragons zone.
6:20 of 3rd period - Brian Salcido is hit by Brandon Kozun and loses puck.
6:41 of 3rd period - Minor Penalty to Joey Hishon for Interference.
6:42 of 3rd period - Evgeny Grachev wins face-off versus Nick Palmieri in Ice Dragons zone.
6:44 of 3rd period - Wrist shot by Jamie Benn.
6:44 of 3rd period - Shot Misses the Net.
6:54 of 3rd period - Nick Palmieri is hit by Matt Corrente and loses puck.
8:22 of 3rd period - Icing by Carl Gunnarsson.
8:23 of 3rd period - Michael Latta wins face-off versus Evgeny Grachev in Influenza zone.
8:24 of 3rd period - Slapshot by Petr Vrana.
8:24 of 3rd period - Stopped by Thomas McCollum without a rebound.
8:25 of 3rd period - Evgeny Grachev wins face-off versus Michael Latta in Influenza zone.
8:41 of 3rd period - Penalty to Joey Hishon is over, Joey Hishon is back on ice.
9:13 of 3rd period - Icing by Jeff May.
9:14 of 3rd period - Jordan Schroeder wins face-off versus Michael Latta in Influenza zone.
9:27 of 3rd period - Brian Salcido is hit by Michael Latta and loses puck.
9:59 of 3rd period - Minor Penalty to Tomas Kudelka for Slashing.
10:00 of 3rd period - Nick Palmieri wins face-off versus Evgeny Grachev in Ice Dragons zone.
10:08 of 3rd period - Slapshot by Jamie Benn.
10:08 of 3rd period - Deflect By T.J Galiardi.
10:08 of 3rd period - Shot Blocked by Brayden McNabb.
10:08 of 3rd period - Puck is out of play.
10:09 of 3rd period - Nick Palmieri wins face-off versus Evgeny Grachev in Ice Dragons zone.
10:26 of 3rd period - Penalty to Troy Brouwer is over, Troy Brouwer is back on ice.
10:46 of 3rd period - Snap shot by Evgeny Grachev.
10:46 of 3rd period - Shot Misses the Net.
10:48 of 3rd period - Slapshot by Matt Corrente.
10:48 of 3rd period - Stopped by Harru Sateri with a rebound.
10:50 of 3rd period - Snap shot by T.J Galiardi.
10:50 of 3rd period - Goal by T.J Galiardi - Ice Dragons : 3 - Influenza : 9.
10:51 of 3rd period - Martins Karsums wins face-off versus Michael Latta in neutral zone.
11:06 of 3rd period - Wrist shot by Jordan LaVallee.
11:06 of 3rd period - Stopped by Thomas McCollum with a rebound.
11:23 of 3rd period - Slapshot by Jeff May.
11:23 of 3rd period - Deflect By Ian Cole.
11:23 of 3rd period - Stopped by Harru Sateri with a rebound.
11:35 of 3rd period - Charlie Coyle is hit by Tomas Kudelka and loses puck.
11:42 of 3rd period - Marek Viedensky is hit by Brian Salcido.
12:17 of 3rd period - Slapshot by Robbie Earl.
12:17 of 3rd period - Shot Blocked by Tyler Haskins.
12:35 of 3rd period - Wrist shot by Petr Vrana.
12:35 of 3rd period - Deflect By Marek Viedensky.
12:35 of 3rd period - Stopped by Thomas McCollum with a rebound.
12:37 of 3rd period - Slapshot by Samuel Groulx.
12:37 of 3rd period - Stopped by Thomas McCollum without a rebound.
12:38 of 3rd period - Evgeny Grachev wins face-off versus Marek Viedensky in Influenza zone.
12:53 of 3rd period - Wrist shot by Marek Viedensky.
12:53 of 3rd period - Shot Blocked by Matt Corrente.
13:26 of 3rd period - Snap shot by Jamie Benn.
13:26 of 3rd period - Shot Blocked by Tomas Kudelka.
13:53 of 3rd period - Snap shot by Evgeny Grachev.
13:53 of 3rd period - Stopped by Harru Sateri with a rebound.
14:07 of 3rd period - Wrist shot by Michael Latta.
14:07 of 3rd period - Goal by Michael Latta - Ice Dragons : 4 - Influenza : 9.
14:08 of 3rd period - Mark Scheifele wins face-off versus Tyler Haskins in neutral zone.
14:24 of 3rd period - Off-side.
14:25 of 3rd period - Michael Latta wins face-off versus Charlie Coyle in neutral zone.
14:51 of 3rd period - Snap shot by Petr Vrana.
14:51 of 3rd period - Stopped by Thomas McCollum with a rebound.
14:59 of 3rd period - Wrist shot by Jeremy Morin.
14:59 of 3rd period - Stopped by Harru Sateri with a rebound.
15:01 of 3rd period - Snap shot by T.J Galiardi.
15:01 of 3rd period - Shot Misses the Net.
15:03 of 3rd period - Wrist shot by Charlie Coyle.
15:03 of 3rd period - Shot Misses the Net.
15:05 of 3rd period - Slapshot by Jeff May.
15:05 of 3rd period - Shot Blocked by Marek Viedensky.
15:36 of 3rd period - Minor Penalty to Jeff May for Cross-checking.
15:37 of 3rd period - Ryan Russell wins face-off versus Tyler Haskins in Influenza zone.
15:45 of 3rd period - Slapshot by Ian Cole.
15:45 of 3rd period - Goal by Ian Cole - Ice Dragons : 5 - Influenza : 9.
15:46 of 3rd period - Tyler Haskins wins face-off versus Ben Smith in neutral zone.
15:51 of 3rd period - Slapshot by Nick Palmieri.
15:51 of 3rd period - Stopped by Thomas McCollum without a rebound.
15:52 of 3rd period - Evgeny Grachev wins face-off versus Troy Brouwer in Influenza zone.
15:57 of 3rd period - Tyler Haskins is hit by Jamie Benn and loses puck.
16:02 of 3rd period - Wrist shot by Ben Smith.
16:02 of 3rd period - Stopped by Harru Sateri without a rebound.
16:03 of 3rd period - Evgeny Grachev wins face-off versus Tyler Haskins in Ice Dragons zone.
16:33 of 3rd period - Snap shot by Michael Latta.
16:33 of 3rd period - Stopped by Thomas McCollum with a rebound.
16:52 of 3rd period - Tim Erixon is hit by Nick Palmieri and loses puck.
17:09 of 3rd period - Jordan Schroeder is hit by Michael Latta and loses puck.
17:22 of 3rd period - Slapshot by Troy Brouwer.
17:22 of 3rd period - Stopped by Thomas McCollum with a rebound.
17:36 of 3rd period - Slapshot by Jeff May.
17:36 of 3rd period - Stopped by Harru Sateri without a rebound.
17:37 of 3rd period - Marek Viedensky wins face-off versus Mark Scheifele in Ice Dragons zone.
18:11 of 3rd period - Jamie Benn is hit by Nick Palmieri and loses puck.
18:23 of 3rd period - Off-side.
18:24 of 3rd period - Michael Latta wins face-off versus Charlie Coyle in neutral zone.
18:33 of 3rd period - Wrist shot by Jordan LaVallee.
18:33 of 3rd period - Stopped by Thomas McCollum with a rebound.
18:35 of 3rd period - Snap shot by Michael Latta.
18:35 of 3rd period - Shot Blocked by T.J Brodie.
18:37 of 3rd period - Snap shot by Michael Latta.
18:37 of 3rd period - Stopped by Thomas McCollum with a rebound.
18:39 of 3rd period - Slapshot by Ian Cole.
18:39 of 3rd period - Stopped by Thomas McCollum without a rebound.
18:40 of 3rd period - Evgeny Grachev wins face-off versus Tyler Haskins in Influenza zone.
18:40 of 3rd period - Evgeny Grachev is hit by Nick Palmieri.
18:48 of 3rd period - Snap shot by Ben Smith.
18:48 of 3rd period - Shot Blocked by Brayden McNabb.
19:06 of 3rd period - Snap shot by T.J Galiardi.
19:06 of 3rd period - Stopped by Harru Sateri with a rebound.
19:08 of 3rd period - Wrist shot by Jeremy Morin.
19:08 of 3rd period - Shot Misses the Net.
19:10 of 3rd period - Wrist shot by Jeremy Morin.
19:10 of 3rd period - Stopped by Harru Sateri with a rebound.
Goals for this period are 2 for Ice Dragons vs 3 for Influenza.
Shots for this period are 19 for Ice Dragons vs 14 for Influenza.
Back to the Top